 Dungeon Crawl Stone Soup version 0.23.1-37-gaa34b87 (webtiles) character file.

Game seed: 1725983645398477895

198 vishdafish the Changer (level 5, -3/33 HPs)
             Began as an Octopode Transmuter on Mar 21, 2019.
             Killed from afar by an orc wizard (12 damage)
             ... with a puff of frost
             ... on level 4 of the Dungeon.
             The game lasted 00:03:39 (3087 turns).

vishdafish the Changer (Octopode Transmuter)        Turns: 3087, Time: 00:03:40

Health: -3/33      AC:  1    Str: 10    XL:     5   Next: 76%
Magic:  6/8        EV: 13    Int: 16    God:
Gold:   142        SH:  0    Dex: 12    Spells: 5/8 levels left

rFire    . . .     SeeInvis +     - Unarmed
rCold    . . .     Gourm    .   (no shield)
rNeg     . . .     Faith    .   (helmet restricted)
rPois    .         Spirit   .   (no amulet)
rElec    .         Reflect  .   o - ring of see invisible
rCorr    .         Harm     .   (no ring)
MR       .....                  (no ring)
Stlth    ++........             (no ring)
HPRegen  0.11/turn              (no ring)
MPRegen  0.11/turn              (no ring)
                                (no ring)
                                (no ring)

@: appendage (expiring)
A: almost no armour, stealthy swim, amphibious, 8 rings, constrict 8, tentacle
spike 3, camouflage 1, gelatinous body 1
a: End Transformation


You were on level 4 of the Dungeon.
You were not hungry.
One of your tentacles had a temporary spike.
You visited 1 branch of the dungeon, and saw 4 of its levels.

You collected 142 gold pieces.

Inventory:

Missiles
 a - 65 arrows
 j - 2 javelins (quivered)
Armour
 b - a +0 buckler
Jewellery
 o - a ring of see invisible (left tentacle)
Wands
 m - a wand of flame (22)
Scrolls
 d - 5 scrolls of remove curse {unknown}
 e - 5 scrolls of fear {unknown}
 f - a scroll of fog {unknown}
 g - 3 scrolls of identify {unknown}
 h - 2 scrolls of amnesia {unknown}
 k - a scroll of blinking {unknown}
Potions
 i - a potion of cancellation {unknown}
 l - a potion of heal wounds {unknown}
Comestibles
 c - 6 rations


   Skills:
 - Level 1.0 Fighting
 - Level 2.0 Dodging
 - Level 3.0 Unarmed Combat
 - Level 2.0 Spellcasting
 + Level 5.8 Transmutations


You had 5 spell levels left.
You knew the following spells:

 Your Spells              Type           Power        Failure   Level  Hunger
a - Beastly Appendage     Tmut           ###...       1%          1    #......
b - Sticks to Snakes      Tmut           ###.....     3%          2    ###....

Your spell library contained the following spells:

 Spells                   Type           Power        Failure   Level  Hunger
 Spider Form              Tmut/Pois      ##........   19%         3    ###....
 Blade Hands              Tmut           ###.......   47%         5    ######.
 Ice Form                 Ice/Tmut       ##......     54%         4    #####..


Dungeon Overview and Level Annotations

Branches:
Dungeon (4/15)
 Temple: D:4-7

Altars:


Innate Abilities, Weirdness & Mutations

You cannot wear most types of armour.
You are very stealthy in the water. (Stealth+)
You are amphibious.
You can wear up to eight rings at the same time.
You can use your tentacles to constrict eight enemies at once.
Your skin changes colour to match your surroundings (Stealth+).
Your rubbery body absorbs attacks. (AC +1, EV +1)
One of your tentacles bears a large vicious spike.


Message History

The orc wizard gestures at you while chanting.
The puff of flame hits you!
* * * LOW HITPOINT WARNING * * *
Casting: Beastly Appendage (safe; 1% risk of failure)
Confirm with . or Enter, or press ? or * to list all spells.
You create 2 snakes!
You now have 65 arrows.
The orc shouts!
A worker ant comes into view.
The orc wizard closely misses your ball python.
Your ball python bites the orc wizard but does no damage.
Your ball python grabs the orc wizard.
Your ball python constricts the orc wizard.
The orc wizard hits your ball python with a +0 dagger.
Your ball python dies!
Your ball python bites the orc wizard.
Your ball python constricts the orc wizard.
The orc hits your ball python with a +0 club.
The orc wizard points at you and mumbles some strange words.
The puff of frost hits you!
You die...

##<†.......##
.###.....###...#
.......†).......##
.....[......##...##
...#........##.....#
.................###
.................#
............##.##
#.......@..#####
#........###
#..........######
...####.........# ≈≈
#.....###.# .
##.So.# ##o..# .a..#
.....


You could see a worker ant, an orc wizard, an orc and a friendly ball python.

Vanquished Creatures
  A hound (D:4)
  An orc priest (D:3)
  A hound skeleton (D:3)
  6 adders
  2 dart slugs (D:2)
  A leopard gecko (D:3)
  4 orcs
  6 giant cockroaches
  3 goblins
  7 hobgoblins
  3 jackals (D:2)
  8 kobolds
  A quokka (D:2)
  A ball python (D:4)
  8 bats
  3 frilled lizards
  6 rats
  A bush (D:1)
63 creatures vanquished.

Notes
Turn   | Place    | Note
-------+----------+-------------------------------------------
     0 | D:1      | vishdafish the Octopode Transmuter began the quest for the
                  | Orb.
     0 | D:1      | Reached XP level 1. HP: 13/13 MP: 3/3
   164 | D:1      | Reached XP level 2. HP: 14/18 MP: 5/5
   265 | D:1      | Reached skill level 3 in Transmutations
   988 | D:2      | Learned a level 2 spell: Sticks to Snakes
  1003 | D:2      | Reached XP level 3. HP: 14/23 MP: 6/6
  1408 | D:2      | Reached skill level 4 in Transmutations
  1460 | D:2      | Reached XP level 4. HP: 15/28 MP: 7/7
  2273 | D:3      | Reached skill level 5 in Transmutations
  2273 | D:3      | Reached XP level 5. HP: 19/33 MP: 8/8
  3087 | D:4      | Killed from afar by an orc wizard

Skill      XL: |  1  2  3  4 |
---------------+-------------+-----
Transmutations | 3 4 5 |  5.8
Fighting       | |  1.0
Dodging        | |  2.0
Unarmed Combat | |  3.0
Spellcasting   | |  2.0

Action                   |  1- 3 |  4- 6 || total
-------------------------+-------+-------++-------
Melee: Unarmed           |   255 |    84 ||   339
       Constrict         |    27 |    24 ||    51
       Tentacles         |    55 |    12 ||    67
       Punch             |     7 |     1 ||     8
       Kick              |     6 |     1 ||     7
 Cast: Beastly Appendage |     2 |     1 ||     3
       Sticks to Snakes  |       |     3 ||     3
 Stab: Sleeping          |     6 |     3 ||     9
  Eat: Chunk             |     2 |     4 ||     6
       Ration            |       |     1 ||     1
Armor: Skin              |    13 |     4 ||    17
Dodge: Dodged            |    70 |    59 ||   129
